AoeStats
← 百足ノ舞

African Clearing

506089026Analyzed
3v3 RM · 21d ago on Sep 12, 2026· 58m 28s· 6 players
Game mode
Random Map
Map size
Normal (6 player)
Population
200
Speed
Normal
Resources
Standard
Victory
Conquest
Starting age
Dark Age
Ending age
Imperial Age
RankedLock teamsTeams togetherTeam positionsShared explorationLock speedFull tech treeHidden civsTurbo modeCheats
Victory
Defeat
🇨🇳 Goths · China
906
+14
🇦🇷 Cumans · Argentina
878
+15
🇲🇬 Mongols · Madagascar
848
+16
🇩🇪 Vikings · Germany
1055
-22
🇪🇸 Celts · Spain
886
-16
🇪🇸 Chinese · Spain
617
-7
Gulliver
10:44 Loom
14:18 Feudal Age
14:48 Double-Bit Axe
14:45 Horse Collar
24:46 Wheelbarrow
30:33 Castle Age
28:36 Gold Mining
30:34 Scale Barding Armor
30:39 Forging
30:23 Fletching
30:33 Padded Archer Armor
31:09 Stone Mining
31:37 Bow Saw
32:32 Heavy Plow
35:28 Hand Cart
36:43 Bloodlines
39:16 Gold Shaft Mining
43:05 Imperial Age
43:19 Chain Barding Armor
43:34 Iron Casting
42:55 Bodkin Arrow
43:00 Padded Archer Armor
44:12 Fervor
43:52 Elite Kipchak
44:33 Steppe Husbandry
46:04 Two-Man Saw
47:33 Conscription
47:12 Murder Holes
47:28 Masonry
47:29 Town Watch
48:43 Ballistics
48:54 Elite Skirmisher
51:44 Heated Shot
52:55 Chemistry
52:28 Crop Rotation
53:11 Plate Barding Armor
53:36 Blast Furnace
52:51 Leather Archer Armor
52:37 Scale Mail Armor
52:04 Elite Steppe Lancer
52:05 Cavalier
53:28 Town Patrol
53:32 Caravan
54:03 Coinage
54:15 Guilds
54:40 Paladin
The Punisher
4:21 Loom
5:27 Loom
14:26 Feudal Age
15:53 Wheelbarrow
15:01 Horse Collar
15:09 Double-Bit Axe
19:00 Gold Mining
19:11 Stone Mining
25:56 Castle Age
26:56 Hand Cart
26:45 Heavy Plow
26:58 Bow Saw
28:31 Gold Shaft Mining
29:25 Stone Shaft Mining
30:12 Forging
30:08 Scale Barding Armor
30:58 Fletching
33:12 Chain Barding Armor
33:26 Masonry
34:16 Husbandry
34:21 Murder Holes
36:48 Iron Casting
42:21 Imperial Age
42:34 Bodkin Arrow
42:40 Padded Archer Armor
43:28 Conscription
43:32 Drill
43:12 Cavalier
45:10 Blast Furnace
43:43 Heavy Camel Rider
44:27 Bracer
44:43 Leather Archer Armor
43:50 Heavy Scorpion
43:51 Capped Ram
45:44 Chemistry
45:34 Siege Engineers
45:49 Siege Ram
48:14 Light Cavalry
49:04 Bloodlines
49:58 Hussar
FishKid
3:24 Loom
15:17 Feudal Age
18:18 Double-Bit Axe
21:20 Castle Age
20:34 Horse Collar
24:26 Wheelbarrow
28:12 Hand Cart
30:35 Bow Saw
30:26 Heavy Plow
32:10 Gold Mining
32:12 Stone Mining
37:42 Imperial Age
35:09 Pikeman
35:50 Squires
36:58 Murder Holes
37:05 Anarchy
37:18 Scale Mail Armor
37:29 Forging
38:27 Perfusion
37:48 Elite Huskarl
38:50 Conscription
38:48 Chain Mail Armor
38:15 Halberdier
39:33 Iron Casting
40:19 Two-Man Saw
39:50 Crop Rotation
40:17 Husbandry
39:48 Light Cavalry
42:04 Blast Furnace
41:19 Masonry
42:10 Chemistry
43:21 Scale Barding Armor
43:29 Bloodlines
42:40 Hussar
43:45 Ballistics
46:34 Padded Archer Armor
46:25 Fletching
46:56 Chain Barding Armor
47:55 Leather Archer Armor
52:28 Bodkin Arrow
53:05 Ring Archer Armor
54:42 Bracer
55:17 Architecture
GeorgeStromberg
8:06 Loom
17:20 Feudal Age
29:02 Castle Age
29:28 Fletching
29:29 Crossbowman
37:33 Thumb Ring
37:42 Padded Archer Armor
39:56 Bodkin Arrow
42:40 Ballistics
46:40 Imperial Age
44:46 Great Wall
48:30 Conscription
48:28 Bracer
48:44 Leather Archer Armor
49:36 Chemistry
48:48 Fortified Wall
56:31 Squires
57:25 Squires
penpikei
4:44 Loom
20:02 Feudal Age
21:04 Horse Collar
21:33 Double-Bit Axe
28:48 Castle Age
26:56 Arson
27:17 Scale Mail Armor
27:55 Forging
30:09 Wheelbarrow
30:10 Coinage
29:28 Double-Bit Axe
30:04 Heavy Plow
31:34 Husbandry
32:37 Town Watch
36:45 Bow Saw
38:13 Iron Casting
37:54 Chain Mail Armor
37:48 Scale Barding Armor
37:35 Fletching
38:39 Gold Mining
38:40 Stone Mining
40:21 Bow Saw
40:46 Treadmill Crane
41:20 Fortified Wall
41:31 Ballistics
41:26 Pikeman
46:03 Imperial Age
45:33 Masonry
45:18 Murder Holes
45:14 Guard Tower
46:10 Chain Barding Armor
45:46 Bodkin Arrow
46:06 Chain Mail Armor
46:44 Heavy Scorpion
47:49 Conscription
48:03 Banking
47:43 Guilds
48:47 Furor Celtica
50:04 Guilds
50:15 Sappers
51:26 Gold Shaft Mining
51:49 Cavalier
52:22 Stronghold
53:08 Hoardings
52:41 Siege Engineers
53:37 Chemistry
55:11 Hand Cart
55:56 Elite Woad Raider
58:48 Plate Mail Armor
百足ノ舞
4:00 Loom
17:17 Feudal Age
19:02 Horse Collar
20:44 Man-at-Arms
21:48 Double-Bit Axe
27:26 Castle Age
25:24 Gold Mining
25:56 Arson
26:54 Forging
26:35 Fletching
26:56 Stone Mining
28:48 Bow Saw
29:03 Heavy Plow
33:57 Gambesons
34:13 Squires
35:08 Iron Casting
34:33 Scale Mail Armor
34:29 Bodkin Arrow
35:40 Chieftains
37:06 Chain Mail Armor
42:11 Imperial Age
42:26 Elite Berserk
44:54 Blast Furnace
45:07 Hoardings
47:02 Plate Mail Armor
Connection lost

Rejoining the realm…

Still unreachable

The connection could not be restored.

Session expired

The server has moved on; the page needs a fresh start.